 Dungeon Crawl Stone Soup version 0.25.1-2-g60ff931df9 (webtiles) character file.

Game seed: 15193298166242289818

144 DerDa the Magician (level 5, 0/42 HPs)
             Began as a Naga Wizard on Aug 26, 2020.
             Killed from afar by an orc wizard (9 damage)
             ... with a magic dart
             ... on level 3 of the Dungeon.
             The game lasted 00:05:45 (2655 turns).

DerDa the Magician (Naga Wizard)                    Turns: 2655, Time: 00:05:47

Health: 0/42       AC:  2    Str: 10    XL:     5   Next: 26%
Magic:  1/11       EV: 10    Int: 19    God:
Gold:   79         SH:  0    Dex:  9    Spells: 4/12 levels left

rFire    . . .     SeeInvis +   u - +1 hand axe (drain)
rCold    . . .     Gourm    .   (no shield)
rNeg     . . .     Faith    .   a - +0 robe
rPois    +         Spirit   .   b - +0 hat
rElec    .         Reflect  .   (no cloak)
rCorr    .         Harm     .   (no gloves)
MR       .....                  (no barding)
Stlth    ++........             (no amulet)
HPRegen  0.14/turn              (no ring)
MPRegen  0.12/turn              (no ring)

@: very slow
A: large, see invisible, deformed body, poison resistance, slowness 2, slow
metabolism 1, spit poison 1, AC +1
a: Spit Poison


You were on level 3 of the Dungeon.
You were not hungry.

You visited 1 branch of the dungeon, and saw 3 of its levels.

You collected 79 gold pieces.

Inventory:

Hand Weapons
 e - a +0 short sword
 o - a +1 dagger of venom
 t - a +0 long sword
 u - a +1 hand axe of draining (weapon)
Missiles
 f - 20 sling bullets
 g - 65 stones (quivered)
 l - 23 bolts
Armour
 a - a +0 robe (worn)
 b - a +0 hat (worn)
Scrolls
 c - a scroll of fear {unknown}
 i - 3 scrolls of identify {unknown}
 j - a scroll of remove curse {unknown}
 k - a scroll of teleportation {unknown}
 n - a scroll of blinking {unknown}
 p - a scroll of amnesia {unknown}
 q - 2 scrolls of enchant weapon {unknown}
 s - a scroll of random uselessness {unknown}
Potions
 h - 4 potions of berserk rage {unknown}
 m - 2 potions of curing {unknown}
 v - a potion of cancellation {unknown}
Comestibles
 d - 6 rations
 r - 2 chunks of flesh


   Skills:
 - Level 1.5 Dodging
 - Level 3.0 Stealth
 * Level 4.1 Spellcasting
 * Level 3.1 Conjurations
 - Level 1.0 Summonings
 - Level 1.0 Translocations
 + Level 1.3 Air Magic
 + Level 1.6 Poison Magic


You had 4 spell levels left.
You knew the following spells:

 Your Spells              Type           Power        Failure   Level  Hunger
a - Magic Dart            Conj           ###.         3%          1    None
b - Mephitic Cloud        Conj/Pois/Air  ##......     19%         3    ###....
c - Call Imp              Summ           #.......     14%         2    ##.....
q - Blink                 Tloc           N/A          14%         2    ##.....

Your spell library contained the following spells:

 Spells                   Type           Power        Failure   Level  Hunger
 Slow                     Hex            #.......     21%         2    ##.....
 Conjure Flame            Conj/Fire      #.......     22%         3    ###....


Dungeon Overview and Level Annotations

Branches:
Dungeon (3/15)

Altars:


Innate Abilities, Weirdness & Mutations

You cannot wear boots.
Your serpentine skin is tough. (AC +1)
You have supernaturally acute eyesight. (SInv)
Armour fits poorly on your strangely shaped body.
Your system is resistant to poisons. (rPois)
You cover ground very slowly.
You have a slow metabolism.
You can spit poison.


Message History

The orc wizard hits you but does no damage.
The orc wizard barely misses you.
You hit the orc wizard. You drain the orc wizard.
The orc wizard is almost dead.
The orc wizard casts a spell at you. The magic dart hits you.
The orc wizard casts a spell at you.
You easily resist.
You miss the orc wizard.
The orc wizard is almost dead.
The orc wizard hits you with a +0 dagger.
The orc wizard barely misses you.
You barely miss the orc wizard.
The orc wizard is almost dead.
The orc wizard gestures at you while chanting.
The magic dart hits you.
* * * LOW HITPOINT WARNING * * *
The orc wizard gestures at you while chanting.
The magic dart hits you!
You die...

#### ..... ####### .....
##....>## ......
###.......#############......
................@ooZ.........
##.........#########..#.....
##.........# #...# ...
...........# #.#.......
#..........# #.##)####.
##........## #.# )#
#.........# ###.# †#
#.........# ###...# o#
#.....)...# #...###


oZ You could see an orc wizard (fast, drained), an orc and a ball python
skeleton.

Vanquished Creatures
  An orc priest (D:3)
  4 adders (D:2)
  An ooze (D:1)
  An adder skeleton (D:3)
  2 dart slugs
  2 leopard geckos
  2 orcs (D:3)
  13 bats
  2 giant cockroaches
  5 hobgoblins
  10 jackals
  A quokka (D:3)
  3 frilled lizards
  4 goblins
  A jackal zombie (D:3)
  7 kobolds
  A leopard gecko skeleton (D:3)
  6 rats
66 creatures vanquished.

Notes
Turn   | Place    | Note
-------+----------+-------------------------------------------
     0 | D:1      | DerDa the Naga Wizard began the quest for the Orb.
     0 | D:1      | Reached XP level 1. HP: 15/15 MP: 4/4
   135 | D:1      | Reached XP level 2. HP: 22/22 MP: 1/6
   611 | D:1      | Reached XP level 3. HP: 27/28 MP: 1/7
   616 | D:1      | Learned a level 3 spell: Mephitic Cloud
   619 | D:1      | Learned a level 2 spell: Call Imp
   622 | D:1      | Learned a level 2 spell: Blink
  1697 | D:2      | Reached skill level 1 in Poison Magic
  1697 | D:2      | Reached XP level 4. HP: 36/36 MP: 5/9
  2187 | D:2      | Reached skill level 1 in Air Magic
  2632 | D:3      | Reached skill level 4 in Spellcasting
  2632 | D:3      | Reached XP level 5. HP: 37/42 MP: 5/11
  2655 | D:3      | Killed from afar by an orc wizard

Illustrated notes

Levels and vault maps discovered:
D:1:      lightli_arrival_quake, layout_loops_ring
D:2:      layout_basic
D:3:      layout_rooms, serial_undead, serial_undead_d, serial_undead_d,
          serial_undead_c, serial_undead_d, lemuel_flame_loot_1,
          uniq_crazy_yiuf_cottage

Skill      XL: |  1  2  3  4 |
---------------+-------------+-----
Conjurations   | 2 3 |  3.1
Poison Magic   | 1 |  1.6
Air Magic      | 1 |  1.3
Spellcasting   | 4 |  4.1
Dodging        | |  1.5
Stealth        | |  3.0
Summonings     | |  1.0
Translocations | |  1.0

Action                   |  1- 3 |  4- 6 || total
-------------------------+-------+-------++-------
Melee: Unarmed           |     1 |       ||     1
       Short sword       |       |    10 ||    10
       Hand axe          |       |     6 ||     6
 Cast: Magic Dart        |    88 |    67 ||   155
 Abil: Spit Poison       |    10 |     3 ||    13
  Eat: Chunk             |     2 |     2 ||     4
Armor: Robe              |    11 |     3 ||    14
Dodge: Dodged            |    26 |    17 ||    43
